 Dungeon Crawl Stone Soup version 0.31-a0-931-g7b59d4eb97 (webtiles) character file.

Game seed: 6459296349980013623

80 Shayle the Trooper (level 4, -8/44 HPs)
             Began as an Ogre Hexslinger on Oct 20, 2023.
             Was an Initiate of Gozag.
             Mangled by an iguana (11 damage)
             ... on level 4 of the Dungeon.
             The game lasted 00:04:10 (2577 turns).

Shayle the Trooper (Ogre Hexslinger)                Turns: 2577, Time: 00:04:11

Health: -8/44      AC:  3    Str: 12    XL:     4   Next: 39%
Magic:  7/7        EV: 10    Int: 16    God:    Gozag
Gold:   62         SH:  0    Dex: 11    Spells: 5/7 levels left

rFire   . . .        a - +2 sling
rCold   . . .        (no shield)
rNeg    . . .        c - +0 robe
rPois   .            (helmet restricted)
rElec   .            (no cloak)
rCorr   .            (gloves unavailable)
SInv    .            (boots unavailable)
Will    .....        (no amulet)
Stlth   +            (no ring)
HPRegen 0.27/turn    (no ring)
MPRegen 0.10/turn

%: no passive effects
@: no status effects
A: large, unfitting armour, tough skin 1
a: Renounce Religion, Potion Petition, Call Merchant, Bribe Branch


You were on level 4 of the Dungeon.
You worshipped Gozag.
Gozag was noncommittal.
You visited 2 branches of the dungeon, and saw 5 of its levels.

You collected 89 gold pieces.
You paid 27 gold pieces to Gozag.

Inventory:

Hand Weapons
 a - a +2 sling (weapon)
Missiles
 q - 4 large rocks
Armour
 c - a +0 robe (worn)
Wands
 p - a wand of polymorph (8)
Scrolls
 b - 3 scrolls of poison
 e - 3 scrolls of teleportation
 f - 2 scrolls of enchant weapon
 i - a scroll of blinking {unknown}
Potions
 d - a potion of mutation {unknown}
 h - a potion of enlightenment {unknown}
 j - 2 potions of degeneration {unknown}
 k - a potion of ambrosia {unknown}
 l - 3 potions of curing
 m - a potion of heal wounds {unknown}
 n - a potion of might {unknown}
 o - a potion of attraction {unknown}


   Skills:
 + Level 2.8 Fighting
 - Level 1.3 Ranged Weapons
 + Level 2.5 Dodging
 + Level 2.4 Spellcasting
 - Level 2.6 Hexes
 + Level 1.8 Fire Magic


You had 5 spell levels left.
You knew the following spells:

 Your Spells              Type           Power      Damage    Failure   Level
a - Jinxbite              Hex            20%        N/A       10%         2

Your spell library contained the following spells:

 Spells                   Type           Power      Damage    Failure   Level
 Ensorcelled Hibernation  Hex/Ice        12%        N/A       17%         2
 Shock                    Conj/Air       4%         1d3       21%         1
 Sigil of Binding         Hex            10%        N/A       21%         3
 Inner Flame              Hex/Fire       9%         N/A       24%         3
 Swiftness                Air            1%         N/A       52%         3
 Cause Fear               Hex            5%         N/A       54%         4
 Anguish                  Hex/Necr       3%         N/A       75%         4
 Dimensional Bullseye     Hex/Tloc       3%         N/A       75%         4
 Airstrike                Air            0%         2d(1-17)  89%         4


Dungeon Overview and Level Annotations

Branches:
Dungeon (4/15)             Temple (1/1) D:4

Altars:
Dithmenos
Elyvilon
Gozag
Okawaru
Qazlal
Sif Muna
Trog
Vehumet
Zin
The Shining One


Innate Abilities, Weirdness & Mutations

You are too large for most types of armour.
You have tough skin. (AC +1)


Message History

The sling bullet barely misses the iguana.
The iguana misses you.
You shoot a sling bullet. The sling bullet hits the iguana.
The iguana is lightly wounded.
The iguana bites you.
You shoot a sling bullet. The sling bullet hits the iguana.
The iguana is heavily wounded.
The iguana bites you! The iguana barely misses you.
You shoot a sling bullet. The sling bullet hits the iguana.
The iguana is heavily wounded.
The iguana bites you!
You shoot a sling bullet. The sling bullet hits the iguana.
The iguana is severely wounded.
The iguana bites you.
You shoot a sling bullet.
The sling bullet closely misses the iguana.
The iguana bites you!
* * * LOW HITPOINT WARNING * * *
The iguana bites you.
* * * LOW HITPOINT WARNING * * *
You shoot a sling bullet.
The sling bullet barely misses the iguana.
The iguana closely misses you.
You shoot a sling bullet. The sling bullet hits the iguana.
The iguana is almost dead.
The iguana bites you.
* * * LOW HITPOINT WARNING * * *
Unknown command.
You shoot a sling bullet.
The sling bullet barely misses the iguana.
The iguana barely misses you. x2
You shoot a sling bullet.
The sling bullet barely misses the iguana.
The iguana closely misses you.
You shoot a sling bullet.
The sling bullet hits the iguana but does no damage.
The iguana is almost dead.
The iguana bites you!
You die...
Your body crumbles into a pile of gold.

# #.(...# # #.....# ##<##
###.....# ... .....#..####
.⌠. ####.#..##... ...
#....#>.⌠.. #.# #.#..#
...##.##+ ...#..# #..l..#
#.###..####.##.@$#
#.#.........##...# #
#.....######..##
##.#########.########
#............###....#
#..#########......#.# #..#
#####..#.### #..##
#......#...#
####...########.##...###.#


You could see an iguana.

Vanquished Creatures
  An adder (D:2)
  A worm (D:3)
  2 dart slugs
  2 orcs
  6 bats
  7 endoplasms
  4 giant cockroaches
  6 goblins
  4 hobgoblins
  5 quokkas
  7 ball pythons
  3 frilled lizards
  3 kobolds
  5 rats
56 creatures vanquished.

Notes
Turn   | Place    | Note
-------+----------+-------------------------------------------
     0 | D:1      | Shayle the Ogre Hexslinger began the quest for the Orb.
     0 | D:1      | Reached XP level 1. HP: 19/19 MP: 2/2
   219 | D:1      | Reached skill level 1 in Fire Magic
   312 | D:1      | Reached XP level 2. HP: 28/28 MP: 4/4
   499 | D:1      | Reached XP level 3. HP: 35/35 MP: 5/5
   787 | D:2      | Learned a level 2 spell: Jinxbite
   982 | D:2      | Found an opulent altar of Gozag.
  1068 | D:2      | Reached XP level 4. HP: 44/44 MP: 7/7
  1152 | D:2      | Found a faded altar of an unknown god.
  2302 | D:4      | Found a staircase to the Ecumenical Temple.
  2333 | Temple   | Entered the Ecumenical Temple
  2339 | Temple   | Became a worshipper of Gozag Ym Sagoz the Greedy
  2574 | D:4      | HP: 2/44 [iguana (3)]
  2577 | D:4      | Mangled by an iguana

Illustrated notes

Levels and vault maps discovered:
D:1:      dpeg_arrival_rhombus, layout_basic
D:2:      layout_rooms, shapermc_ecumenical_altar_totnotflames, basic_altar
D:3:      layout_loops_ring, serial_rivers, chequers_serial_rivers_room_a,
          chequers_serial_rivers_marsh, chequers_serial_rivers_room_b,
          chequers_serial_rivers_micro_b, chequers_serial_rivers_large_b,
          chequers_serial_rivers_micro_c, st_stairs_2, kennysheep_small_spiral,
          serial_park_tiny_pond
D:4:      layout_basic, temple_pool_b, portal_sewer_entry_b,
          minmay_misc_feat_alley, grunt_ministairs_4, uniq_ijyb
Temple:   chequers_temple_sunken

Skill      XL: |  1  2  3 |
---------------+----------+-----
Fire Magic     | 1 |  1.8
Dodging        | 2 |  2.5
Fighting       | 2 |  2.8
Spellcasting   | 2 |  2.4
Ranged Weapons | |  1.3
Hexes          | |  2.6

Action                     |  1- 3 |  4- 6 || total
---------------------------+-------+-------++-------
   Fire: Sling             |   165 |    69 ||   234
    Use: Scroll            |       |     3 ||     3
 Armour: Robe              |    75 |    28 ||   103
  Dodge: Dodged            |    67 |    14 ||    81

Table legend: (Time is in decaauts)
 A = Elapsed time spent in this place.
 B = Non-inter-level travel time spent in this place.
 C = Inter-level travel time spent in this place.
 D = Time resting spent in this place.
 E = Time spent auto-exploring this place.
 F = Levels seen in this place.
 G = Mean time per level.
                   A        B        C        D        E       F      G
               +--------+--------+--------+--------+--------+-----+--------+
         Total |   2655 |   2599 |     56 |    171 |   1765 |   5 |  531.0 |
       Dungeon |   2642 |   2586 |     56 |    171 |   1765 |   4 |  660.5 |
        Temple |     12 |     12 |      0 |      0 |      0 |   1 |   12.0 |
               +--------+--------+--------+--------+--------+-----+--------+

Top non-repeatable levels by time:
     D:3: 958 daAuts
     D:2: 688 daAuts
     D:1: 657 daAuts
     D:4: 338 daAuts
  Temple: 12 daAuts
